Unix NetHack Version 5.0.0-0 post-release - last build May  4 2026 22:22:43 (774f63e81ad911689b3a0859ea89b322d5daca8d,branch:main).

Game began 2026-05-10 04:11:43, ended 2026-05-10 05:02:28.

BeardyHaddock, lawful male dwarven Archeologist

    -----
    |%%%.|            -------    ----------
    |!%%.-##          |.....|    |...`....|
    ------ #          |.....-#   |........|
           #         #-.....|##  |...>....|
           #         #|.....| ###.........|
           #         #-------    --|---|---
           #         #                ###
           #         #
           #         #
           ##        #
           ##        #
            #        #
            #--------#                 .
            #|.....<|#                 .
            #-r@....|#                 .
             |...F...##                .
             --------                 ---

BeardyHaddock the Field Worker  St:12 Dx:9 Co:16 In:16 Wi:14 Ch:10  Lawful
Dlvl:4  $:36 HP:0(37) Pw:16(16) AC:8  Xp:4 T:2575 

Latest messages:
 Are you sure you want to pray? [yn] (n) y
 You begin praying to Quetzalcoatl.
 You are surrounded by a shimmering light.
 The straw golem starts to attack you, but pulls back.
 The straw golem starts to attack you, but pulls back.
 The straw golem starts to attack you, but pulls back.
 You finish your prayer.
 You feel that Quetzalcoatl is well-pleased.
 You feel in good health again.
 You hit the straw golem.
 The straw golem hits!
 The straw golem hits again!
 What do you want to write with? [- agj-lpuxG or ?*] -
 You write in the dust with your fingertip.
 What do you want to write in the dust here? Elbereth
 The housecat bites the giant rat.
 The giant rat misses the housecat.
 The straw golem turns to flee.
 The housecat misses the giant rat.
 The giant rat turns to flee.
 The housecat bites the giant rat.
 The giant rat is killed!
 The housecat misses the giant rat.
 The housecat misses the giant rat.
 The housecat misses the giant rat.
 You hear some noises in the distance.
 In what direction? 6
 The door closes.
 In what direction? 4
 The door closes.
 You hear some noises in the distance.
 The straw golem opens a door.
 The door opens.
 It misses the straw golem.
 You hear some noises in the distance.
 A rabid rat suddenly appears close by!
 You hear some noises in the distance.
 You hit the rabid rat.
 The rabid rat bites!
 You hit the rabid rat!
 You knock the rabid rat backward with a forceful strike!
 The rabid rat bites!
 You miss the rabid rat.
 The rabid rat bites!
 You die...
 Do you want your possessions identified? [ynq] (y) n
 Do you want to see your attributes? [ynq] (y) n
 Do you want an account of creatures vanquished? [ynaq] (y) n
 Do you want to see your conduct and achievements? [ynq] (y) n
 Do you want to see the dungeon overview? [ynq] (y) n

Inventory:
 Coins    ('$')
  $ - 36 gold pieces
 Amulets  ('"')
  v - a cursed amulet of change
 Weapons  (')')
  p - a +0 orcish dagger
  a - a +2 bullwhip (alternate weapon; not wielded)
  l - a +0 war hammer
 Armor    ('[')
  c - an uncursed +1 fedora (being worn)
  o - an uncursed +0 orcish helm
  b - an uncursed +0 leather jacket (being worn)
 Comestibles  ('%')
  K - an uncursed cram ration
  d - 4 uncursed food rations
  m - an uncursed lembas wafer
 Scrolls  ('?')
  L - a blessed scroll of destroy armor
  q - an uncursed scroll of light
 Spellbooks  ('+')
  M - an uncursed spellbook of clairvoyance
 Rings    ('=')
  j - a blessed +2 ring of increase damage
 Wands    ('/')
  k - a wand of digging (0:6)
  u - a wand of polymorph (0:4)
  G - a wand of probing (0:5)
  x - a wand of teleportation (0:3)
 Tools    ('(')
  h - an empty uncursed sack
  e - a +0 pick-axe (weapon in left hand)
  r - an uncursed skeleton key
  i - an uncursed tin opener
  f - a tinning kit (0:88)
 Gems/Stones  ('*')
  g - an uncursed touchstone

BeardyHaddock the Archeologist's attributes:

Background:
 You were a Field Worker, a level 4 male dwarven Archeologist.
 You were lawful, on a mission for Quetzalcoatl
 who was opposed by Camaxtli (neutral) and Huhetotl (chaotic).
 You were left-handed.
 You were in the Dungeons of Doom, on level 4.
 You entered the dungeon 2575 turns ago.
 It was nighttime.
 You had 129 experience points, 31 more were needed to attain level 5.

Basics:
 You had 0 out of 37 hit points.
 You had all 16 energy points (spell power).
 Your armor class was 8.
 Your wallet contained 36 zorkmids.
 Autopickup was off.

Final Characteristics:
 Your strength was 12 (limit:18/100).
 Your dexterity was 9 (limit:20).
 Your constitution was 16 (limit:20).
 Your intelligence was 16 (limit:16).
 Your wisdom was 14 (limit:16).
 Your charisma was 10 (limit:16).

Final Status:
 You weren't hungry.
 You were unencumbered.
 You were wielding a pick-axe.
 You had basic skill with pick-axe.

Final Attributes:
 You were piously aligned.
 You had automatic searching.
 You had infravision.
 You were fast.
 You were lucky.
 You are dead.

Miscellaneous:
 You didn't encounter any bones levels.
 Total elapsed playing time was 50 minutes and 45 seconds.

Major events:
 Turn
    1: BeardyHaddock the lawful male dwarven Archeologist entered the dungeon
  630: attained the rank of Field Worker (level 3)
 2575: killed by a rabid rat

Spells:
 Name                 Level Category     Fail Retention
 clairvoyance           3   divination   100%  76%-100%

Skills:
 Fighting Skills
   bare handed combat [Unskilled]
   two weapon combat  [Unskilled]
   riding             [Unskilled]
 Weapon Skills
   dagger             [Unskilled]
   knife              [Unskilled]
   pick-axe           [Basic]
   short sword        [Unskilled]
   saber              [Unskilled]
   club               [Unskilled]
   quarterstaff       [Unskilled]
   sling              [Unskilled]
   dart               [Unskilled]
   boomerang          [Unskilled]
   whip               [Basic]
   unicorn horn       [Unskilled]
 Spellcasting Skills
   attack spells      [Unskilled]
   healing spells     [Unskilled]
   divination spells  [Unskilled]
   matter spells      [Unskilled]

Voluntary challenges:
 Character rerolling was not enabled.
 You never genocided any monsters.
 You never changed form.
 You used no wishes.
Achievements:
 You attained the rank of Field Worker.
 You entered a shop.

 The Dungeons of Doom: levels 1 to 4
    Level 1:
       Many altars, a fountain.
    Level 2:
    Level 3:
       A general store, an altar.
    Level 4: <- You were here.
       A food shop.
       Final resting place for
          you, killed by a rabid rat.


Vanquished creatures:
  a small mimic
  a straw golem
  a kobold leader
  a rothe
  a giant bat
 an orc zombie
  2 iguanas
  2 coyotes
  2 gas spores
  a large kobold
  a hobgoblin
  2 giant rats
  a yellow mold
  2 green molds
  4 garter snakes
  2 geckos
  6 jackals
  2 foxes
  2 goblins
  2 sewer rats
  4 grid bugs
  3 lichens
  6 newts
50 creatures vanquished.

No species were genocided or became extinct.

Game over:
                       ----------
                      /          \
                     /    REST    \
                    /      IN      \
                   /     PEACE      \
                  /                  \
                  |  BeardyHaddock   |
                  |      36 Au       |
                  |   killed by a    |
                  |    rabid rat     |
                  |                  |
                  |                  |
                  |       2026       |
                 *|     *  *  *      | *
        _________)/\\_//(\/(/\)/\//\/|_)_______

Goodbye BeardyHaddock the Archeologist...

You died in The Dungeons of Doom on dungeon level 4 with 799 points,
and 36 pieces of gold, after 2575 moves.
You were level 4 with a maximum of 37 hit points when you died.

